 Dungeon Crawl Stone Soup version 0.17-a0-2208-ge5ab1d3 (webtiles) character file.

23 Duffy the Sneak (level 3, 21/21 HPs)
             Began as a Tengu Assassin on Oct 26, 2015.
             Quit the game on level 1 of the Dungeon.
             The game lasted 00:01:05 (763 turns).

Duffy the Sneak (Tengu Assassin)                     Turns: 763, Time: 00:01:06

Health: 21/21      AC:  3    Str: 11    XL:     3   Next: 0%
Magic:  4/4        EV: 12    Int: 12    God:
Gold:   7          SH:  0    Dex: 15    Spells: 0 memorised, 2 levels left

rFire  . . .     SeeInvis .     a - +2 dagger
rCold  . . .     Clarity  .     c - +0 robe
rNeg   . . .     SustAt   .     (no shield)
rPois  .         Gourm    .     (helmet restricted)
rElec  .         Spirit   .     d - +0 cloak
rCorr  .         Warding  .     (no gloves)
rMut   .         Stasis   .     (boots unavailable)
MR     +....                    (no amulet)
Stlth  +++.......               (no ring)
                                j - ring of protection from magic

@: somewhat resistant to hostile enchantments, fairly stealthy
A: beak, talons 3
a: no special abilities


You were on level 1 of the Dungeon.
You were not hungry.

You visited 1 branch of the dungeon, and saw 1 of its levels.

You collected 7 gold pieces.


Innate Abilities, Weirdness & Mutations

You have a beak for a mouth.
You have claws for feet.


   Skills:
 - Level 2.0 Fighting
 + Level 3.7 Short Blades
 - Level 2.0 Throwing
 - Level 1.1 Dodging
 - Level 4.0 Stealth


You had 2 spell levels left.
You didn't know any spells.

Inventory:

Hand Weapons
 a - a +2 dagger (weapon)
 b - a +0 blowgun
Missiles
 e - 8 poisoned needles
 f - 2 curare-tipped needles
 n - 23 stones (quivered)
Armour
 c - a +0 robe (worn)
 d - a +0 cloak (worn)
Jewellery
 j - a ring of protection from magic (left hand)
Scrolls
 l - a scroll of identify {unknown}
 m - a scroll of fear {unknown}
Potions
 h - a potion of lignification {unknown}
 i - a potion of might {unknown}
 k - a potion of heal wounds {unknown}
 p - a potion of resistance {unknown}
Comestibles
 g - 2 bread rations
 o - a meat ration

Dungeon Overview and Level Annotations

Branches:
Dungeon (1/15)

Altars:
Nemelex Xobeh


Message History

No target in view!
No target in view!
No target in view!
No target in view!
No target in view!
No target in view!
A giant cockroach comes into view.
The giant cockroach moves out of view.
Found a sparkling altar of Nemelex Xobeh.
The giant cockroach is too close now for your liking.
The giant cockroach barely misses you.
You hit the giant cockroach.
The giant cockroach is almost dead.
The giant cockroach bites you but does no damage.
You hit the giant cockroach but do no damage.
You claw the giant cockroach, but do no damage.
The giant cockroach is almost dead.
The giant cockroach barely misses you.
You hit the giant cockroach.
You kill the giant cockroach!
You have reached level 3!
Your experience leads to an increase in your attributes!
Increase (S)trength, (I)ntelligence, or (D)exterity?
You feel clever.
There is a fountain of sparkling water here.
Done exploring.
Done exploring.
Done exploring.
Done exploring.
Search for what [? for help]? .
Read which item? (? for menu, Esc to quit)
Okay, then.
Search for what [Enter for "."]?
Unknown command.
Are you sure you want to abandon this character and quit the game? (Confirm with "yes".)

........#...#..####
..........#....##
####...#.#####..### #
###...# #....##
#######.######.....#
.##...........รท.#.##
.##.##.#.######.###
....##.#.## #.##
..####.#..#####.@#
..####.##........#
...#...##...######
.....###.....#
#.....##.###.##
#........###..#
#.............#
......####...##
......####..#####


There were no monsters in sight!

Action                   || total
-------------------------++-------
Melee: Dagger            ||    57
 Stab: Sleeping          ||     4

Notes
Turn   | Place    | Note
--------------------------------------------------------------
     0 | D:1      | Duffy the Tengu Assassin began the quest for the Orb.
     0 | D:1      | Reached XP level 1. HP: 12/12 MP: 2/2
   149 | D:1      | Reached skill level 3 in Short Blades
   149 | D:1      | Reached XP level 2. HP: 11/17 MP: 3/3
   637 | D:1      | Found a sparkling altar of Nemelex Xobeh.
   644 | D:1      | Reached XP level 3. HP: 21/21 MP: 4/4
   763 | D:1      | Quit the game

Vault maps used:
D:1:      lightli_arrival_chessboard, minmay_statues_item,
          hangedman_decor_lopped, nemelex_xobeh_ov_fountains_minmay

Vanquished Creatures
  2 giant geckos
  A ball python
  A hobgoblin
  4 bats
  3 giant cockroaches
  A giant newt
  4 goblins
  2 kobolds
  2 rats
20 creatures vanquished.
